 Dungeon Crawl Stone Soup version 0.28-a0-1505-g8c907de6ad (webtiles) character file.

Game seed: 6254402514733518804

37 vineage the Cudgeller (level 3, -1/31 HPs)
             Began as a Minotaur Gladiator on Jan 13, 2022.
             Killed from afar by Sigmund (6 damage)
             ... with a magic dart
             ... on level 2 of the Dungeon.
             The game lasted 00:01:41 (1421 turns).

vineage the Cudgeller (Minotaur Gladiator)          Turns: 1421, Time: 00:01:41

Health: -1/31      AC: 12    Str: 20    XL:     3   Next: 23%
Magic:  2/2        EV: 19    Int:  5    God:
Gold:   29         SH:  0    Dex: 11    Spells: 2/2 levels left

rFire   . . .      SeeInvis .   (weapon currently unavailable)
rCold   . . .      Faith    .   (shield currently unavailable)
rNeg    + + +      Spirit   .   (armour currently unavailable)
rPois   +          Reflect  .   (helmet currently unavailable)
rElec   .          Harm     .   (cloak currently unavailable)
rCorr   .          Rampage  .   (gloves currently unavailable)
Will    .....                   (boots currently unavailable)
Stlth   +.........              (no amulet)
HPRegen 0.10/turn               (no ring)
MPRegen 0.08/turn               (no ring)

@: fungus-form, flying
A: melee confuse, terrified, no casting, tiny, (horns 2), (retaliatory headbutt)
a: no special abilities


You were on level 2 of the Dungeon.
You were a sentient fungus.
You visited 1 branch of the dungeon, and saw 2 of its levels.

You collected 29 gold pieces.

Inventory:

Hand Weapons
 a - a +0 flail (melded)
Missiles
 d - 3 throwing nets (quivered)
Armour
 b - a +0 leather armour
 c - a +0 hat (melded)
 i - a +0 plate armour (melded)


   Skills:
 + Level 3.6 Fighting
 + Level 4.5 Maces & Flails
 - Level 2.0 Throwing
 - Level 3.2 Dodging


You had 2 spell levels left.
You didn't know any spells.
Your spell library contained the following spells:

 Spells                   Type           Power      Damage    Failure   Level
 Sting                    Tmut/Pois      0%         1d3       47%         1


Dungeon Overview and Level Annotations

Branches:
Dungeon (2/15)

Altars:

Annotations:
D:2 Sigmund


Innate Abilities, Weirdness & Mutations

You are a sentient fungus.
You are tiny and evasive.
Your melee attack releases spores that confuse breathing creatures.
You become terrified and freeze when enemies are visible.
Your armour is entirely melded.
You are incapable of wielding weapons or throwing items.
You cannot cast spells.
((You have a pair of horns on your head.))
((You reflexively headbutt those who attack you in melee.))


Message History

Something hits you. The jackal barely misses you.
It was a potion of flight.
You feel very buoyant.
You fly up into the air.
The jackal closely misses you. You furiously retaliate!
You headbutt the jackal.
You kill the jackal!
Something hits you!
No target in view!
No target in view!
Things that are here:
a jackal corpse; a jackal corpse; a giant cockroach corpse You hit something.
Your headbutt misses something.
You hear a zap.
Something tries to affect you, but you resist.
Something hits you!
You miss something. Your headbutt misses something. You hit something.
Something hits you.
* * * LOW HITPOINT WARNING * * *
You hit something but do no damage. Your headbutt misses something.
Something hits you.
* * * LOW HITPOINT WARNING * * *
You thump something! Your headbutt misses something.
You hear a zap.
You turn into a sentient fungus.
Your +0 flail melds into your body.
Your +0 hat melds into your body.
Your +0 plate armour melds into your body.
You barely miss something. Something barely misses you.
You completely miss something.
You release spores at something.
You closely miss something. Something hits you but does no damage.
You closely miss something. Something hits you but does no damage.
You release spores at something!
You barely miss something.
You hear some strange, mumbled words.
Something tries to affect you, but you resist.
You barely miss something.
You hear some strange, mumbled words.
A magic dart appears from out of thin air!
The magic dart hits you.
You die...

.######.########....####...
....................# #.#.
#######.##.#.###...#####.#.
#.....##.#.# ##........#.
#.######.#.# ###########
#.# #.#.# #.# #.#.# #)#
#<#.# #.# #f#.. #.# #{###
#.######.# #..hhB...# #
#@######## #.# #.# #..
#.###h# ### #B.@.# #
#.##........


There were no monsters in sight!

Vanquished Creatures
  5 endoplasms (D:1)
  A giant cockroach (D:2)
  A goblin (D:1)
  4 hobgoblins (D:1)
  3 jackals (D:2)
  4 quokkas (D:1)
  3 ball pythons
  4 bats
  A frilled lizard (D:1)
  2 kobolds
  5 rats (D:1)
33 creatures vanquished.

Vanquished Creatures (others)
  3 plants (D:1)
  4 toadstools (D:1)
7 creatures vanquished.

Grand Total: 40 creatures vanquished

Notes
Turn   | Place    | Note
-------+----------+-------------------------------------------
     0 | D:1      | vineage the Minotaur Gladiator began the quest for the Orb.
     0 | D:1      | Reached XP level 1. HP: 18/18 MP: 0/0
    11 | D:1      | Found a faded altar of an unknown god.
    20 | D:1      | Got Plato's Papyrus of Moulding
   170 | D:1      | Reached skill level 4 in Maces & Flails
   172 | D:1      | Reached XP level 2. HP: 26/26 MP: 1/1
  1047 | D:1      | Reached XP level 3. HP: 31/31 MP: 2/2
  1379 | D:2      | Noticed Sigmund
  1421 | D:2      | Killed from afar by Sigmund

Illustrated notes

Levels and vault maps discovered:
D:1:      ldierk_walled_garden_2, layout_basic,
          shapermc_ecumenical_altar_rom_forum
D:2:      layout_loops_ring, basic_altar, uniq_robin, uniq_sigmund

Skill      XL: |  1 |
---------------+----+-----
Maces & Flails | 4 |  4.5
Fighting       | 3 |  3.6
Throwing       | |  2.0
Dodging        | |  3.2

Action                   || total
-------------------------++-------
Melee: Flail             ||    74
       Headbutt          ||     9
       Unarmed           ||     8
  Use: Scroll            ||     3
       Potion            ||     1
 Stab: Sleeping          ||     1
Armor: Leather armour    ||    19
       Plate armour      ||    15
       Skin              ||     2
Dodge: Dodged            ||    56

Table legend: (Time is in decaauts)
 A = Elapsed time spent in this place.
 B = Non-inter-level travel time spent in this place.
 C = Inter-level travel time spent in this place.
 D = Time resting spent in this place.
 E = Time spent auto-exploring this place.
 F = Levels seen in this place.
 G = Mean time per level.
                   A        B        C        D        E       F      G
               +--------+--------+--------+--------+--------+-----+--------+
         Total |   1435 |   1414 |     21 |      0 |   1192 |   2 |  717.5 |
       Dungeon |   1435 |   1414 |     21 |      0 |   1192 |   2 |  717.5 |
               +--------+--------+--------+--------+--------+-----+--------+

Top non-repeatable levels by time:
     D:1: 1312 daAuts
     D:2: 123 daAuts
